 Dungeon Crawl Stone Soup version 0.30.1-11-g7821555f0a (webtiles) character file.

Game seed: 8954483497047971545

135 Kagerus the Poker (level 5, -2/38 HPs)
             Began as a Merfolk Gladiator on Oct 27, 2023.
             Slain by a gnoll
             ... wielding a +0 flail
              (10 damage)
             ... on level 2 of the Dungeon.
             The game lasted 00:07:54 (2985 turns).

Kagerus the Poker (Merfolk Gladiator)               Turns: 2985, Time: 00:07:54

Health: -2/38      AC:  8    Str: 15    XL:     5   Next: 18%
Magic:  5/5        EV: 13    Int:  7    God:
Gold:   131        SH:  0    Dex: 17    Spells: 4/4 levels left

rFire   . . .        a - +0 trident
rCold   . . .        (no shield)
rNeg    . . .        b - +0 leather armour
rPois   .            l - +1 helmet
rElec   .            t - +0 cloak
rCorr   .            k - +1 pair of gloves
SInv    .            (no boots)
Will    .....        (no amulet)
Stlth   +            (no ring)
HPRegen 0.26/turn    (no ring)
MPRegen 0.09/turn

%: no passive effects
@: no status effects
A: (nimble swimmer 2), mertail
a: no special abilities


You were on level 2 of the Dungeon.
You visited 1 branch of the dungeon, and saw 4 of its levels.

You collected 131 gold pieces.

Inventory:

Hand Weapons
 a - a +0 trident (weapon)
Missiles
 d - 3 throwing nets
 e - a javelin
 j - 9 poisoned darts (quivered)
 m - 11 boomerangs
Armour
 b - a +0 leather armour (worn)
 c - a +0 helmet
 k - a +1 pair of gloves (worn)
 l - a +1 helmet (worn)
 p - a +0 cloak
 t - a +0 cloak (worn)
Wands
 q - a wand of mindburst (23)
Scrolls
 f - a scroll of identify {unknown}
 g - a scroll of teleportation {unknown}
 h - 2 scrolls of noise {unknown}
 i - a scroll of enchant weapon {unknown}
 n - a scroll of fear {unknown}
 s - a scroll of enchant armour {unknown}
Potions
 o - a potion of brilliance {unknown}
 r - a potion of attraction {unknown}
 u - a potion of mutation {unknown}


   Skills:
 - Level 2.1 Fighting
 * Level 6.6 Polearms
 + Level 3.3 Throwing
 - Level 4.0 Dodging


You had 4 spell levels left.
You didn't know any spells.
Your spell library contained the following spells:

 Spells                   Type           Power      Damage    Failure   Level
 Dazzling Flash           Conj/Hex       0%         N/A       86%         3
 Vhi's Electric Charge    Tloc/Air       0%         N/A       86%         3
 Agony                    Necr           0%         N/A       100%        5
 Arcjolt                  Conj/Air       0%         1d10      100%        5
 Silence                  Hex/Air        0%         N/A       100%        5
 Plasma Beam              Fire/Air       0%         2x1d11    100%        6


Dungeon Overview and Level Annotations

Branches:
Dungeon (4/15)
 Temple: D:4-7

Altars:


Innate Abilities, Weirdness & Mutations

((You are very nimble when in or above water. (Stealth+, EV+, Speed+++)))
Your lower body shifts to a powerful aquatic tail in water.


Message History

The gnoll attacks as you move away! The gnoll barely misses you.
There is an escape hatch in the ceiling here.
The gnoll closely misses you. A mysterious force pulls you upwards.
The hatch slams shut behind you. The gnoll attacks as you move away!
The gnoll barely misses you. The gnoll attacks as you move away!
The gnoll barely misses you. The gnoll attacks as you move away!
The gnoll misses you. The gnoll attacks as you move away! The gnoll misses you.
The gnoll attacks as you move away! The gnoll closely misses you.
The gnoll attacks as you move away! The gnoll misses you.
The gnoll attacks as you move away! The gnoll misses you.
The gnoll attacks as you move away! The gnoll hits you but does no damage.
There is an open door here.
The gnoll attacks as you move away! The gnoll hits you with a +0 flail!
The gnoll attacks as you move away! The gnoll closely misses you.
The gnoll attacks as you move away! The gnoll closely misses you.
There is a faded altar of an unknown god here.
The gnoll attacks as you move away! The gnoll hits you with a +0 flail.
The gnoll attacks as you move away! The gnoll barely misses you.
The gnoll attacks as you move away! The gnoll hits you but does no damage.
The gnoll attacks as you move away! The gnoll hits you with a +0 flail.
The gnoll attacks as you move away! The gnoll misses you.
The gnoll attacks as you move away! The gnoll closely misses you.
The gnoll attacks as you move away! The gnoll barely misses you.
There is an open door here.
The gnoll attacks as you move away! The gnoll barely misses you.
The gnoll attacks as you move away! The gnoll closely misses you.
You see here a +0 club.
Your movement speed is average.
Your attack delay is about 0.9.
Your damage rating with your +0 trident is about 11 (Base 9 x 112% (Str) x 117% (Skill)).
Press: ? - help, v - describe, . - travel The floor.
The gnoll attacks as you move away! The gnoll hits you with a +0 flail!
The gnoll attacks as you move away! The gnoll closely misses you.
The gnoll attacks as you move away! The gnoll hits you with a +0 flail!
* * * LOW HITPOINT WARNING * * *
Things that are here:
2 stones; a +0 short sword The gnoll attacks as you move away!
The gnoll hits you with a +0 flail!
You die...

###.###...#.....#.# #..#......#
#.# #.......#.#.# #..#.......
#.# #...........# #..#...#...
#.# #......##.#####......#...
#.# #.............#..#.....[.
#.# #[......#...#.#..#......#
#.# #.#.#######<#.#.........#
#.###.............#.##......#
#...........@g....#....)..#..
#########.#...#........###.##..
#............<#.#+#....'......#
###.###.....#.#+#.##...###.####
#.#.............##...###.....
#.#.###.#.......####....#####
#.#...#'###.....####....#####
#.###....##........#....#....
#.###....##........#....#....


You could see a gnoll.

Vanquished Creatures
  A gnoll (D:3)
  5 adders (D:2)
  2 dart slugs
  7 orcs (D:3)
  7 ball pythons
  5 endoplasms
  A giant cockroach (D:1)
  7 goblins
  6 hobgoblins
  2 jackals (D:1)
  2 quokkas
  6 bats
  5 frilled lizards
  8 kobolds
  6 rats
70 creatures vanquished.

Notes
Turn   | Place    | Note
-------+----------+-------------------------------------------
     0 | D:1      | Kagerus the Merfolk Gladiator began the quest for the Orb.
     0 | D:1      | Reached XP level 1. HP: 16/16 MP: 1/1
    80 | D:1      | Reached XP level 2. HP: 15/22 MP: 2/2
   324 | D:1      | Reached skill level 5 in Polearms
   329 | D:1      | Reached XP level 3. HP: 27/27 MP: 3/3
  1076 | D:2      | Reached XP level 4. HP: 31/33 MP: 4/4
  1128 | D:2      | Reached skill level 6 in Polearms
  1168 | D:2      | Found a faded altar of an unknown god.
  2569 | D:3      | Reached XP level 5. HP: 38/38 MP: 5/5
  2985 | D:2      | Slain by a gnoll

Illustrated notes

Levels and vault maps discovered:
D:1:      spicycebolla_arrival_xxxplode, layout_rooms
D:2:      layout_basic, ebering_ecumenical_altar_hall, nicolae_half_adder
D:3:      layout_basic, minmay_parallelograms
D:4:      layout_rooms, general_overflow_altar,
          grunt_temple_overflow_champion_of_chaos, serial_glass,
          glass_columns_a, glass_columns_c, glass_columns_c, glass_columns_b,
          glass_columns_a, glass_columns_a, chequers_jeans, minivault_19

Skill      XL: |  1  2  3  4 |
---------------+-------------+-----
Polearms       | 5 6 |  6.6
Throwing       | 3 |  3.3
Fighting       | |  2.1
Dodging        | |  4.0

Action                     |  1- 3 |  4- 6 || total
---------------------------+-------+-------++-------
  Melee: Trident           |   143 |   103 ||   246
         Punch             |     2 |       ||     2
  Throw: Dart              |       |     6 ||     6
   Stab: Sleeping          |     2 |     2 ||     4
 Armour: Leather armour    |    51 |    33 ||    84
  Dodge: Dodged            |    78 |   105 ||   183
